 Dungeon Crawl Stone Soup version 0.20.1-1-g8b1a95d (webtiles) character file.

12727 Lanoc the Unseen (level 11, -2/100 HPs)
             Began as a Naga Assassin on Dec 13, 2017.
             Was a High Priest of Cheibriados.
             Slain by a five-headed hydra (12 damage)
             ... on level 13 of the Dungeon.
             The game lasted 01:12:34 (11847 turns).

Lanoc the Unseen (Naga Assassin)                   Turns: 11847, Time: 01:12:35

Health: -2/100     AC: 12    Str: 26    XL:     11   Next: 97%
Magic:  14/14      EV: 21    Int: 24    God:    Cheibriados [*****.]
Gold:   801        SH:  7    Dex: 27    Spells: 10/10 levels left

rFire    . . .     SeeInvis +   k - +2 dagger (flame)
rCold    . . .     Gourm    .   x - +0 buckler {rN+}
rNeg     + . .     Faith    .   V - +2 robe {MR+}
rPois    +         Spirit   .   t - +2 helmet
rElec    .         Reflect  .   I - +0 cloak
rCorr    .         Harm     .   B - +0 pair of gloves
MR       ++...                  (no barding)
Stlth    ++++++++..             l - amulet of regeneration
Regen    0.7/turn               E - ring of stealth
MPRegen  0.2/turn               N - +6 ring of evasion

@: very slightly contaminated, very slow
A: see invisible, deformed body, poison resistance, slowness 2, slow metabolism
1, spit poison 1, AC +3
a: Spit Poison, Bend Time, Temporal Distortion, Slouch, Step From Time, Renounce
Religion


You were on level 13 of the Dungeon.
You worshipped Cheibriados.
Cheibriados was extremely pleased with you.
You were not hungry.

You visited 2 branches of the dungeon, and saw 14 of its levels.
You also visited: Ossuary.

You collected 801 gold pieces.

Inventory:

Hand Weapons
 b - a +0 blowgun
 d - the +2 dagger "Ebaym" {venom, +Blink rN+ Int-3}
   (You found it on level 7 of the Dungeon)

   It poisons the flesh of those it strikes.
   It affects your intelligence (-3).
   It protects you from negative energy.
   It lets you blink.
 k - a +2 dagger of flaming (weapon)
 M - a +0 dagger of distortion
 T - a +2 vampiric short sword
 U - a +2 dagger of protection
Missiles
 e - 8 poisoned needles
 m - 12 tomahawks (quivered)
 q - a curare-tipped needle
Armour
 c - +0 acid dragon scales
 t - a +2 helmet (worn)
 u - the +1 plate armour of Love and Death {Str+3 Dex+2}
   (You found it on level 9 of the Dungeon)

   It affects your strength (+3).
   It affects your dexterity (+2).
 x - a +0 buckler of positive energy (worn)
 B - a +0 pair of gloves (worn)
 I - a +0 cloak (worn)
 V - a +2 robe of magic resistance (worn)
Jewellery
 l - an amulet of regeneration (around neck)
 v - an uncursed ring of fire
 E - a ring of stealth (left hand)
 J - an uncursed amulet of faith
 N - a +6 ring of evasion (right hand)
 P - an uncursed ring of ice
 Q - an uncursed ring of protection from magic
Wands
 i - a wand of enslavement (24/24)
 H - a wand of flame (16/48)
Scrolls
 f - 2 scrolls of remove curse
 s - 2 scrolls of fog
 F - a scroll of enchant armour
 G - a scroll of immolation {unknown}
 L - a scroll of amnesia
 S - a scroll of recharging
Potions
 h - 2 potions of lignification
 o - 2 potions of brilliance
 p - 3 potions of agility
 r - 2 potions of resistance
 z - 3 potions of invisibility
 A - 3 potions of might
 D - 5 potions of flight
 O - 2 potions of cancellation
Books
 y - a book of Cantrips

   Spells                             Type                      Level
   a - Confusing Touch                Hexes                        1
   b - Animate Skeleton               Necromancy                   1
   c - Summon Small Mammal            Summoning                    1
   d - Apportation                    Translocation                1
 K - a book of Flames

   Spells                             Type                      Level
   a - Flame Tongue                   Conjuration/Fire             1
   b - Throw Flame                    Conjuration/Fire             2
   c - Conjure Flame                  Conjuration/Fire             3
   d - Inner Flame                    Hexes/Fire                   3
   e - Sticky Flame                   Conjuration/Fire             4
   f - Fireball                       Conjuration/Fire             5
Miscellaneous
 C - a lamp of fire (inert)
Comestibles
 a - 7 chunks of flesh
 g - 5 bread rations
 j - 8 meat rations
 w - 2 royal jellies


   Skills:
 + Level 7.5 Fighting
 + Level 7.2 Short Blades
 - Level 3.2 Throwing
 + Level 3.1 Armour
 + Level 6.0 Dodging
 * Level 16.2 Stealth
 + Level 5.7 Shields
 + Level 4.5 Invocations


You had 10 spell levels left.
You didn't know any spells.

Dungeon Overview and Level Annotations

Branches:
Dungeon (13/15)            Temple (1/1) D:7            Lair (0/6) D:11
    Orc (0/2) D:12
 Vaults: D:13-14

Altars:
Ashenzari
Cheibriados
Dithmenos
Elyvilon
Fedhas
Gozag
Hepliaklqana
Kikubaaqudgha
Makhleb
Nemelex Xobeh
Okawaru
Qazlal
Ru
Sif Muna
Trog
Uskayaw
Vehumet
Xom
Yredelemnul
Zin
The Shining One
Lugonu

Shops:
D:6 }   D:8 *

Annotations:
D:9 Statics's ghost, novice TrMo
D:11 Statics's ghost, journeyman DsFi
D:12 Sonja


Innate Abilities, Weirdness & Mutations

You cannot wear boots.
Your serpentine skin is tough. (AC +3)
You have supernaturally acute eyesight. (SInv)
Armour fits poorly on your strangely shaped body.
Your system is resistant to poisons. (rPois)
You cover ground very slowly.
You have a slow metabolism.
You can spit poison.


Message History

The five-headed hydra bites you.
* * * LOW HITPOINT WARNING * * *
You block the five-headed hydra's attack.
Okay, then.
Okay, then.
Blink to where?
Press: ? - help, Dir - move target cursor You are very lightly contaminated with residual magic.
As you read the scroll of blinking, it crumbles to dust.
Okay, then.
Blink to where?
Press: ? - help, Dir - move target cursor
As you read the scroll of blinking, it crumbles to dust.
There's a creature in the doorway!
You hit the five-headed hydra. You burn the five-headed hydra.
The five-headed hydra is heavily wounded.
The five-headed hydra bites you.
* * * LOW HITPOINT WARNING * * *
The five-headed hydra bites you!
You die...

######### #...?...#
#.......# #######
#####
'.......#####.....#
#...(
..........)@D.....#
#....
#########..##.....#
###....
#..##.....####......
#..##.....##...#....
#..##.....'..###....
#.###.....#### #....
#.# ####+## ####.
#.# ##.# #. #.# #..
#.


You could see a five-headed hydra.

Vanquished Creatures
  Josephine (D:10)
  A two-headed ogre (D:8)
  Pikel (D:6)
  2 manticores
  Psyche (D:11)
  Grinder (D:4)
  5 wraiths
  3 wyverns
  10 yaks
  Eustachio (D:6)
  A vampire mosquito (D:11)
  Menkaure (D:6)
  3 acid dragons
  4 orc warriors
  3 water moccasins
  2 porcupines (D:11)
  5 ice beasts
  3 black bears
  A necrophage (D:10)
  2 phantoms
  10 ogres
  4 centaurs
  A crocodile (D:13)
  An elf zombie (Ossuary)
  2 bullfrogs
  2 big kobolds
  A gnoll sergeant (D:9)
  A wyvern zombie (D:11)
  7 scorpions
  2 killer bees
  6 crimson imps
  3 howler monkeys (D:8)
  A quasit (D:7)
  A bullfrog zombie (D:7)
  8 hounds
  2 bullfrog skeletons (D:11)
  A jelly (D:5)
  Crazy Yiuf (D:7)
  2 centaur skeletons
  2 gnoll shamans (D:5)
  4 orc priests
  4 iguanas
  12 orc wizards
  6 worker ants
  2 big kobold zombies (Ossuary)
  3 hound zombies
  A hound skeleton (D:9)
  4 mummies (Ossuary)
  A worker ant zombie (D:5)
  8 adders
  A howler monkey skeleton (D:10)
  21 gnolls
  2 shadow imps
  3 adder skeletons
  An adder zombie (Ossuary)
  A leopard gecko (D:5)
  44 orcs
  2 giant cockroaches (D:2)
  7 hobgoblins
  12 kobolds
  4 quokkas
  A ball python (D:4)
  12 bats
  5 frilled lizards
  3 gnoll zombies (Ossuary)
  5 goblins
  A hobgoblin zombie (Ossuary)
  A leopard gecko skeleton (D:5)
  An orc zombie (Ossuary)
  A quokka zombie (D:7)
  12 rats
  A rat zombie (Ossuary)
  2 butterflies (D:3)
297 creatures vanquished.

Vanquished Creatures (others)
  4 slaves (D:6)
  An orc priest (D:6)
  An orc wizard (D:6)
  55 fungi (D:11)
  23 plants (D:11)
84 creatures vanquished.

Grand Total: 381 creatures vanquished

Notes
Turn   | Place    | Note
-------+----------+-------------------------------------------
     0 | D:1      | Lanoc the Naga Assassin began the quest for the Orb.
     0 | D:1      | Reached XP level 1. HP: 19/19 MP: 1/1
   207 | D:1      | Reached skill level 1 in Dodging
   811 | D:2      | Reached skill level 6 in Stealth
   811 | D:2      | Reached XP level 2. HP: 26/26 MP: 2/2
   815 | D:2      | Found a transporter.
   828 | D:2      | Found a glowing golden altar of the Shining One.
   852 | D:2      | Noticed a killer bee
   866 | D:2      | Found a transporter.
   915 | D:2      | Found a glowing silver altar of Zin.
  1045 | D:2      | Reached XP level 3. HP: 32/32 MP: 3/3
  1271 | D:2      | Found an iron altar of Okawaru.
  1277 | D:2      | Found a hazy altar of Hepliaklqana.
  1626 | D:2      | Killed a killer bee
  1626 | D:2      | Reached skill level 7 in Stealth
  1626 | D:2      | Reached XP level 4. HP: 10/40 MP: 4/4
  1740 | D:3      | Found a hide-covered altar of Uskayaw.
  1895 | D:3      | Reached XP level 5. HP: 37/46 MP: 5/5
  1975 | D:3      | Found a shimmering altar of Xom.
  2330 | D:4      | Noticed Grinder
  2344 | D:4      | Paralysed by Grinder for 3 turns
  2353 | D:4      | Killed Grinder
  2353 | D:4      | Reached skill level 8 in Stealth
  2353 | D:4      | Reached XP level 6. HP: 25/56 MP: 6/6
  2471 | D:4      | Found a stormy altar of Qazlal.
  2494 | D:4      | Found a shadowy altar of Dithmenos.
  2651 | D:4      | Reached skill level 1 in Shields
  2653 | D:4      | Reached XP level 7. HP: 62/62 MP: 7/7
  3044 | D:5      | Entered Level 5 of the Dungeon
  3083 | D:5      | Reached skill level 9 in Stealth
  3433 | D:5      | Found a blossoming altar of Fedhas.
  3435 | D:5      | Found a burning altar of Makhleb.
  3775 | D:5      | Reached XP level 8. HP: 69/72 MP: 8/8
  3927 | D:5      | Reached skill level 10 in Stealth
  4174 | D:6      | Found an iron altar of Okawaru.
  4244 | D:6      | Noticed Pikel
  4274 | D:6      | Killed Pikel
  4274 | D:6      | Reached skill level 11 in Stealth
  4297 | D:6      | Found a sand-covered staircase.
  4316 | Ossuary  | Entered an ossuary
  4393 | Ossuary  | Reached XP level 9. HP: 50/79 MP: 9/9
  4718 | D:6      | Noticed Menkaure
  4725 | D:6      | Killed Menkaure
  4725 | D:6      | Reached skill level 5 in Short Blades
  4734 | D:6      | Noticed a moth of wrath
  4736 | D:6      | Found a bloodstained altar of Trog.
  4935 | D:7      | Found a runed door.
  4941 | D:7      | Noticed Crazy Yiuf
  4948 | D:7      | Killed Crazy Yiuf
  5078 | D:6      | Noticed Eustachio
  5104 | D:6      | Reached skill level 5 in Fighting
  5104 | D:6      | Reached skill level 12 in Stealth
  5168 | D:6      | Killed Eustachio
  5874 | D:6      | Found Xecadac's Gadget Shoppe.
  6235 | D:7      | Reached skill level 13 in Stealth
  6241 | D:7      | Reached XP level 10. HP: 64/88 MP: 10/10
  6405 | D:7      | Got a pitted dagger
  6406 | D:7      | Identified the cursed +2 dagger "Ebaym" {venom, +Blink rN+ Int-3} (You found it on level 7 of the Dungeon)
  6658 | D:7      | Found a staircase to the Ecumenical Temple.
  6663 | Temple   | Entered the Ecumenical Temple
  6690 | Temple   | Became a worshipper of Cheibriados the Contemplative
  6833 | D:8      | Found an ancient bone altar of Kikubaaqudgha.
  6923 | D:8      | Found Vuaqikhli's Assorted Antiques.
  6956 | D:8      | Found a radiant altar of Vehumet.
  7355 | D:8      | Noticed a two-headed ogre
  7369 | D:8      | Killed a two-headed ogre
  7369 | D:8      | Reached skill level 5 in Dodging
  7961 | D:9      | Reached * piety under Cheibriados
  8153 | D:9      | Reached skill level 14 in Stealth
  8352 | D:9      | Found a white marble altar of Elyvilon.
  8353 | D:9      | Noticed Statics's ghost (novice TrMo)
  8644 | D:9      | Got a pitted plate armour
  8655 | D:9      | Identified the cursed +1 plate armour of Love and Death {Str+3 Dex+2} (You found it on level 9 of the Dungeon)
  8766 | D:9      | Reached ** piety under Cheibriados
  8766 | D:9      | Reached skill level 1 in Invocations
  8935 | D:10     | Entered Level 10 of the Dungeon
  9386 | D:10     | Reached *** piety under Cheibriados
  9437 | D:10     | Noticed Josephine
  9458 | D:10     | Killed Josephine
  9458 | D:10     | Reached skill level 1 in Armour
  9458 | D:10     | Reached skill level 5 in Shields
  9458 | D:10     | Reached XP level 11. HP: 24/99 MP: 12/12
  9724 | D:10     | Reached skill level 15 in Stealth
 10229 | D:10     | Reached **** piety under Cheibriados
 10820 | D:11     | Noticed Psyche
 10823 | D:11     | Killed Psyche
 10949 | D:11     | Noticed Statics's ghost (journeyman DsFi)
 11005 | D:11     | Found a staircase to the Lair.
 11252 | D:11     | Noticed a manticore
 11259 | D:11     | Killed a manticore
 11401 | D:11     | Noticed a cyclops
 11406 | D:11     | Reached ***** piety under Cheibriados
 11426 | D:12     | Noticed an orc knight
 11430 | D:12     | Noticed a seven-headed hydra
 11431 | D:12     | Noticed an orc sorcerer
 11432 | D:12     | Found a staircase to the Orcish Mines.
 11439 | D:12     | Noticed Sonja
 11620 | D:13     | Noticed a five-headed hydra
 11668 | D:13     | Reached skill level 16 in Stealth
 11780 | D:13     | Noticed a manticore
 11787 | D:13     | Killed a manticore
 11840 | D:13     | HP: 4/100 [five-headed hydra (2)]
 11847 | D:13     | Slain by a five-headed hydra

Skill      XL: |  1  2  3  4  5  6  7  8  9 10 11 |
---------------+----------------------------------+-----
Dodging        | 1 2 3 4 5 6 |  6.0
Stealth        | 6 7 8 9 11 13 14 16 | 16.2
Throwing       | 2 3 |  3.2
Short Blades   | 3 4 5 6 7 |  7.2
Fighting       | 3 4 5 6 7 |  7.5
Shields        | 1 3 4 5 |  5.7
Invocations    | 2 4 |  4.5
Armour         | 1 3 |  3.1

Action                   |  1- 3 |  4- 6 |  7- 9 | 10-12 || total
-------------------------+-------+-------+-------+-------++-------
Melee: Dagger            |    72 |    57 |   672 |  1040 ||  1841
 Fire: Blowgun           |       |     2 |       |       ||     2
 Abil: Spit Poison       |    20 |     8 |    78 |    13 ||   119
Evoke: Lamp of fire      |       |       |       |     1 ||     1
  Use: Scroll            |    10 |     6 |    10 |    17 ||    43
       Potion            |     1 |     1 |     3 |     6 ||    11
 Stab: Sleeping          |     2 |    14 |    19 |    30 ||    65
       Distracted        |       |       |     1 |     1 ||     2
       Invisible         |       |       |       |     2 ||     2
  Eat: Chunk             |     1 |     2 |     6 |    10 ||    19
       Royal jelly       |     1 |     1 |     2 |     3 ||     7
       Fruit             |       |       |     4 |       ||     4
Armor: Robe              |    43 |    10 |   144 |    68 ||   265
       Animal skin       |       |       |    46 |       ||    46
       Leather armour    |       |       |    20 |    86 ||   106
       Plate armour      |       |       |       |    24 ||    24
Dodge: Dodged            |    42 |    10 |   269 |   675 ||   996
Block: Buckler           |    14 |     5 |   121 |   280 ||   420
